 Dungeon Crawl Stone Soup version 0.29-a0-617-g7a6b98fccd (webtiles) character file.

Game seed: 3425436105908595708

62 Vylera the Magician (level 4, -5/21 HPs)
             Began as a Vine Stalker Wanderer on June 18, 2022.
             Killed by divine providence
             ... invoked by an orc priest
              (8 damage)
             ... on level 3 of the Dungeon.
             The game lasted 00:04:31 (2143 turns).

Vylera the Magician (Vine Stalker Wanderer)         Turns: 2143, Time: 00:04:32

Health: -5/21      AC:  7    Str: 18    XL:     4   Next: 8%
Magic:  0/11       EV: 11    Int: 15    God:
Gold:   152        SH:  0    Dex: 14    Spells: 8/11 levels left

rFire   x . .      SeeInvis .   n - +10 spear "Beetlebane" {flame, *Slow Fly rF- Int+3 Dex+2}
rCold   . . .      Faith    .   (no shield)
rNeg    . . .      Spirit   +   c - +0 leather armour
rPois   .          Reflect  .   (no helmet)
rElec   .          Harm     .   (no cloak)
rCorr   .          Rampage  .   (no gloves)
Will    .....                   (no boots)
Stlth   +.........              (no amulet)
HPRegen 0.87/turn               v - +4 ring of protection
MPRegen 0.12/turn               (no ring)

@: flying
A: fangs 2, regeneration 1, magic shield, antimagic bite, no potion heal 2
a: no special abilities


You were on level 3 of the Dungeon.
You visited 1 branch of the dungeon, and saw 3 of its levels.

You collected 152 gold pieces.

Inventory:

Hand Weapons
 a - a +0 long sword
 b - a +0 hunting sling
 g - a +0 spear
 n - the +10 spear "Beetlebane" (weapon) {flame, *Slow Fly rF- Int+3 Dex+2}
   (You found it on level 2 of the Dungeon)

   It burns those it strikes, dealing additional fire damage.
   Int:       It affects your intelligence (+3).
   Dex:       It affects your dexterity (+2).
   rF:        It makes you vulnerable to fire.
   Fly:       It grants you flight.
   *Slow:     It may slow you when you take damage.
Armour
 c - a +0 leather armour (worn)
Jewellery
 v - a +4 ring of protection (left hand)
Wands
 d - a wand of flame (4)
Scrolls
 e - 3 scrolls of identify {unknown}
 f - a scroll of vulnerability {unknown}
 h - a scroll of silence {unknown}
 j - a scroll of enchant armour {unknown}
 k - a scroll of blinking {unknown}
 r - a scroll of teleportation {unknown}
 s - 3 scrolls of brand weapon {unknown}
 t - 2 scrolls of fear {unknown}
 u - a scroll of noise {unknown}
Potions
 i - 2 potions of berserk rage {unknown}
 l - 2 potions of lignification {unknown}
 m - a potion of curing
 o - a potion of haste {unknown}
 p - a potion of invisibility {unknown}
 q - a potion of cancellation {unknown}
 w - a potion of might {unknown}


   Skills:
 + Level 1.0 Polearms
 - Level 4.3 Spellcasting
 + Level 2.1 Conjurations
 + Level 3.8 Hexes
 - Level 1.0 Invocations
 - Level 1.7 Evocations


You had 8 spell levels left.
You knew the following spells:

 Your Spells              Type           Power      Damage    Failure   Level
a - Slow                  Hex            56%        N/A       4%          1
b - Searing Ray           Conj           18%        2d5       13%         2

Your spell library contained the following spells:

 Spells                   Type           Power      Damage    Failure   Level
 Tukima's Dance           Hex            14%        N/A       13%         3
 Static Discharge         Conj/Air       6%         N/A       21%         2
 Portal Projectile        Hex/Tloc       18%        N/A       28%         3


Dungeon Overview and Level Annotations

Branches:
Dungeon (3/15)

Altars:
Zin


Innate Abilities, Weirdness & Mutations

You have extremely sharp teeth.
Your natural rate of healing is unusually fast.
When hurt, damage is shared between your health and your magic reserves.
Your bite disrupts and absorbs the magic of your enemies.
Potions cannot restore your health.


Message History

You see here a frilled lizard corpse.
You now have 152 gold pieces (gained 14).
w - an inky potion An orc comes into view.
It is wielding a +0 mace. 2 orc priests and a jackal come into view.
The orc priest shouts!
The jackal barks!
You hear a bark!
The orc shouts!
The orc priest shouts!
A jackal comes into view.
The jackal barks!
You hit the jackal. You burn the jackal.
You kill the jackal!
The orc priest invokes the aid of Beogh against you.
Pain shoots through your body!
You hit the orc priest. You burn the orc priest.
Your bite misses the orc priest.
The orc priest is moderately wounded.
The orc priest hits you but does no damage.
You hit the orc priest but do no damage.
Your bite misses the orc priest.
The orc priest is moderately wounded.
The orc priest mumbles some strange prayers to Beogh against you.
Beogh smites you!
Ouch! That really hurt!
* * * LOW HITPOINT WARNING * * *
The orc closely misses you.
The orc priest hits you with a +0 flail.
* * * LOW HITPOINT WARNING * * *
The orc priest begins to cast a cantrip, but forgets the words!
The orc closely misses you.
You barely miss the orc priest. Your bite misses the orc priest.
The orc priest is moderately wounded.
The orc priest barely misses you. The orc hits you with a +0 mace.
* * * LOW HITPOINT WARNING * * *
Unknown command.
You puncture the orc priest! You burn the orc priest.
The orc priest is almost dead.
The jackal completely misses you. The orc priest closely misses you.
The orc priest calls down the wrath of Beogh upon you.
Beogh smites you!
You die...

.####### ###### ......
...>.. ####....######
##.....#......## #####
##..............## #....
#.....h..........# #.###
......o@.........###.#
......oo.............#
..................# #
#......?.........# #
#....=.......†...#######
##..$..................>
##.....##.....########.
###########..# #. ##.#
..


You could see 2 orc priests, an orc and a jackal.

Vanquished Creatures
  An adder (D:2)
  5 ball pythons
  An endoplasm (D:2)
  3 giant cockroaches
  6 goblins
  7 hobgoblins
  5 jackals (D:3)
  4 kobolds
  A quokka (D:3)
  4 bats
  4 frilled lizards
  5 rats
46 creatures vanquished.

Notes
Turn   | Place    | Note
-------+----------+-------------------------------------------
     0 | D:1      | Vylera the Vine Stalker Wanderer began the quest for the
                  | Orb.
     0 | D:1      | Vylera set off with the following items: a +0 club, a
                  | potion of curing, a +0 leather armour, a wand of flame (4);
                  | and the following spell memorised: Slow; and the following
                  | spells available to memorise: Tukima's Dance, Searing Ray,
                  | Static Discharge, Portal Projectile.
     0 | D:1      | Reached XP level 1. HP: 9/9 MP: 6/6
   440 | D:1      | Reached skill level 1 in Conjurations
   440 | D:1      | Reached XP level 2. HP: 10/13 MP: 6/8
   443 | D:1      | Learned a level 2 spell: Searing Ray
  1135 | D:2      | Identified the +10 spear "Beetlebane" {flame, *Slow Fly rF-
                  | Int+3 Dex+2}
  1309 | D:2      | Reached XP level 3. HP: 16/16 MP: 9/9
  1740 | D:2      | Found a glowing silver altar of Zin.
  2052 | D:3      | Reached skill level 1 in Polearms
  2054 | D:3      | Gained mutation: Your natural rate of healing is unusually
                  | fast. [Vine Stalker growth]
  2054 | D:3      | Reached XP level 4. HP: 21/21 MP: 11/11
  2143 | D:3      | Killed from afar by an orc priest

Illustrated notes

Levels and vault maps discovered:
D:1:      moated_graveyard_arrival, layout_basic
D:2:      layout_loops_ring, basic_altar, st_stairs_5
D:3:      layout_rooms, hellmonk_ecumenical_altar_heavens_door,
          lemuel_another_geyser

Skill      XL: |  1  2  3 |
---------------+----------+-----
Conjurations   | 1 2 |  2.1
Polearms       | 1 |  1.0
Spellcasting   | |  4.3
Hexes          | |  3.8
Invocations    | |  1.0
Evocations     | |  1.7

Action                   |  1- 3 |  4- 6 || total
-------------------------+-------+-------++-------
Melee: Spear             |    76 |     9 ||    85
       Club              |     5 |       ||     5
       Bite              |    11 |     1 ||    12
       Long sword        |     1 |       ||     1
       Punch             |     1 |       ||     1
 Fire: Hunting sling     |     6 |       ||     6
 Stab: Sleeping          |     3 |       ||     3
Armor: Leather armour    |    17 |     1 ||    18
Dodge: Dodged            |    29 |     7 ||    36

Table legend: (Time is in decaauts)
 A = Elapsed time spent in this place.
 B = Non-inter-level travel time spent in this place.
 C = Inter-level travel time spent in this place.
 D = Time resting spent in this place.
 E = Time spent auto-exploring this place.
 F = Levels seen in this place.
 G = Mean time per level.
                   A        B        C        D        E       F      G
               +--------+--------+--------+--------+--------+-----+--------+
         Total |   2151 |   2114 |     37 |      0 |   1816 |   3 |  717.0 |
       Dungeon |   2151 |   2114 |     37 |      0 |   1816 |   3 |  717.0 |
               +--------+--------+--------+--------+--------+-----+--------+

Top non-repeatable levels by time:
     D:2: 1044 daAuts
     D:1: 938 daAuts
     D:3: 168 daAuts
